 Dungeon Crawl Stone Soup version 0.22-a0-179-gb5258fd (webtiles) character file.

418 wolfsongas the Sneak (level 6, 0/51 HPs)
             Began as a Gnoll Wanderer on Feb 13, 2018.
             Was a Follower of Okawaru.
             Succumbed to a worker ant's poison
             ... on level 4 of the Dungeon.
             The game lasted 00:04:55 (3035 turns).

wolfsongas the Sneak (Gnoll Wanderer)               Turns: 3035, Time: 00:04:55

Health: 0/51       AC:  5    Str: 14    XL:     6   Next: 93%
Magic:  9/9        EV: 13    Int: 16    God:    Okawaru [*.....]
Gold:   93         SH:  0    Dex: 17    Spells: 9/9 levels left

rFire    . . .     SeeInvis .   g - +4 dagger
rCold    + . .     Gourm    .   (no shield)
rNeg     . . .     Faith    .   j - +0 leather armour (curse)
rPois    .         Spirit   .   (no helmet)
rElec    .         Reflect  .   (no cloak)
rCorr    .         Harm     .   (no gloves)
MR       .....                  (no boots)
Stlth    +++.......             (no amulet)
HPRegen  0.17/turn              (no ring)
MPRegen  0.11/turn              (no ring)

@: lethally poisoned (0 -> -8)
A: distributed training, fangs 1, hooves 1, yellow scales 1, clever 1, cold
resistance 1, strong nose
a: Heroism, Renounce Religion


You were on level 4 of the Dungeon.
You worshipped Okawaru.
Okawaru was aware of your devotion.
You were not hungry.

You visited 1 branch of the dungeon, and saw 4 of its levels.

You collected 93 gold pieces.

Inventory:

Hand Weapons
 g - a +4 dagger (weapon)
Armour
 a - a +2 scale mail
 e - a +2 leather armour of positive energy
 j - a cursed +0 leather armour (worn)
Scrolls
 b - 3 scrolls of teleportation
 l - a scroll of amnesia
 m - a scroll of fear
 n - a scroll of immolation {unknown}
 o - a scroll of identify
Potions
 d - a potion of curing {unknown}
 h - a potion of berserk rage
 i - 2 potions of brilliance
 k - 3 potions of flight
Comestibles
 c - 7 chunks of flesh
 f - 4 rations


   Skills:
 + Level 5.0 Fighting
 + Level 2.1 Short Blades
 + Level 2.1 Long Blades
 + Level 2.1 Axes
 + Level 5.0 Maces & Flails
 + Level 2.1 Polearms
 + Level 2.1 Staves
 + Level 2.1 Slings
 + Level 2.1 Bows
 + Level 2.1 Crossbows
 + Level 2.1 Throwing
 + Level 3.3 Armour
 + Level 3.3 Dodging
 + Level 6.3 Stealth
 + Level 2.1 Shields
 + Level 2.1 Unarmed Combat
 + Level 2.1 Spellcasting
 + Level 1.7 Conjurations
 + Level 1.7 Hexes
 + Level 1.7 Charms
 + Level 1.7 Summonings
 + Level 1.7 Necromancy
 + Level 1.7 Translocations
 + Level 1.7 Transmutations
 + Level 1.7 Fire Magic
 + Level 1.7 Ice Magic
 + Level 1.7 Air Magic
 + Level 1.7 Earth Magic
 + Level 1.7 Poison Magic
 + Level 2.3 Invocations
 + Level 3.3 Evocations


You had 9 spell levels left.
You didn't know any spells.

Dungeon Overview and Level Annotations

Branches:
Dungeon (4/15)             Temple (0/1) D:4

Altars:
Ashenzari
Okawaru
Ru
Yredelemnul


Innate Abilities, Weirdness & Mutations

Your experience applies equally to all skills.
You have very sharp teeth.
Your uncanny sense of smell can sniff out nearby items.
You have large cloven feet.
You are partially covered in yellow scales. (AC +2)
Your mind is acute. (Int +2)
Your flesh is cold resistant. (rC+)


Message History

You closely miss the orc wizard. Your kick misses the orc wizard.
The orc wizard is almost dead.
The orc wizard casts a spell at you. You resist with some effort.
The orc hits you with a flail. The orc hits you but does no damage.
The worker ant bites you.
* * * LOW HITPOINT WARNING * * *
You hit the orc wizard but do no damage.
The orc wizard is almost dead.
The orc wizard hits you with a dagger.
* * * LOW HITPOINT WARNING * * *
The orc hits you with a flail.
* * * LOW HITPOINT WARNING * * *
The worker ant bites you.
* * * LOW HITPOINT WARNING * * *
You are more poisoned.
The worker ant poisons you! The orc closely misses you.
You hit the orc wizard.
You kill the orc wizard!
Okawaru accepts your kill.
You die...

........# .....
...............# .....
...............# .....
...............# ####+
...............########.
.....?.........##.......
...............##.......
......o........##.......
......)@................
......ao.......#########
.............)........
...8.8.8[.......######
....⌠.⌠.........#
...8.>.8........#
....⌠.⌠.........#
...8.8.8........#
........#..


You could see a worker ant and 2 orcs.

Vanquished Creatures
  The ghost of wolfsongas the Digger, an amateur GnWn (D:3)
  An ogre (D:4)
  An orc priest (D:3)
  An orc wizard (D:4)
  3 gnolls (D:3)
  3 adders
  2 oozes
  2 worms
  3 dart slugs
  2 leopard geckos
  4 orcs (D:3)
  A ball python (D:2)
  4 giant cockroaches
  5 goblins
  7 hobgoblins
  3 jackals (D:2)
  4 quokkas
  7 bats
  6 frilled lizards
  10 kobolds
  9 rats
79 creatures vanquished.

Notes
Turn   | Place    | Note
-------+----------+-------------------------------------------
     0 | D:1      | wolfsongas the Gnoll Wanderer began the quest for the Orb.
     0 | D:1      | wolfsongas set off with: a +2 scale mail, a scroll of teleportation, a wand of random effects (15), a +0 dagger, a ration
     0 | D:1      | Reached XP level 1. HP: 20/20 MP: 2/2
    74 | D:1      | Reached XP level 2. HP: 26/26 MP: 3/3
   174 | D:1      | Found a shattered altar of Ashenzari.
   395 | D:1      | Reached XP level 3. HP: 18/31 MP: 4/4
   749 | D:2      | Reached skill level 6 in Stealth
   962 | D:2      | Reached skill level 1 in Invocations
  1148 | D:2      | Found a sacrificial altar of Ru.
  1163 | D:2      | Reached skill level 1 in Short Blades
  1163 | D:2      | Reached skill level 1 in Long Blades
  1163 | D:2      | Reached skill level 1 in Axes
  1163 | D:2      | Reached skill level 1 in Polearms
  1163 | D:2      | Reached skill level 1 in Staves
  1163 | D:2      | Reached skill level 1 in Slings
  1163 | D:2      | Reached skill level 1 in Bows
  1163 | D:2      | Reached skill level 1 in Crossbows
  1163 | D:2      | Reached skill level 1 in Throwing
  1163 | D:2      | Reached skill level 1 in Shields
  1163 | D:2      | Reached skill level 1 in Unarmed Combat
  1163 | D:2      | Reached skill level 1 in Spellcasting
  1165 | D:2      | Found a basalt altar of Yredelemnul.
  1266 | D:2      | Reached XP level 4. HP: 38/38 MP: 6/6
  1376 | D:2      | Found a faded altar of an unknown god.
  1387 | D:2      | Became a worshipper of Warmaster Okawaru
  1387 | D:2      | Reached * piety under Okawaru
  2030 | D:3      | Noticed wolfsongas's ghost (amateur GnWn)
  2115 | D:3      | Killed wolfsongas's ghost
  2115 | D:3      | Reached skill level 1 in Conjurations
  2115 | D:3      | Reached skill level 1 in Hexes
  2115 | D:3      | Reached skill level 1 in Charms
  2115 | D:3      | Reached skill level 1 in Summonings
  2115 | D:3      | Reached skill level 1 in Necromancy
  2115 | D:3      | Reached skill level 1 in Translocations
  2115 | D:3      | Reached skill level 1 in Transmutations
  2115 | D:3      | Reached skill level 1 in Fire Magic
  2115 | D:3      | Reached skill level 1 in Ice Magic
  2115 | D:3      | Reached skill level 1 in Air Magic
  2115 | D:3      | Reached skill level 1 in Earth Magic
  2115 | D:3      | Reached skill level 1 in Poison Magic
  2115 | D:3      | Reached XP level 5. HP: 7/43 MP: 7/7
  2384 | D:3      | Gained mutation: You have large cloven feet. [potion of mutation]
  2384 | D:3      | Gained mutation: You are partially covered in yellow scales. (AC +2) [potion of mutation]
  2384 | D:3      | Gained mutation: Your flesh is cold resistant. (rC+) [potion of mutation]
  2384 | D:3      | Gained mutation: Your mind is acute. (Int +2) [potion of mutation]
  2509 | D:3      | Reached XP level 6. HP: 45/50 MP: 8/8
  2828 | D:3      | Reached skill level 5 in Fighting
  2828 | D:3      | Reached skill level 5 in Maces & Flails
  3018 | D:4      | Found a staircase to the Ecumenical Temple.
  3034 | D:4      | HP: 1/51 [worker ant (5)]
  3035 | D:4      | Succumbed to a worker ant's poison

Vault maps used:
D:1:      minmay_arrival_checkered_box, evilmike_ruin_ashenzari
D:2:      grunt_temple_overflow_open, chequers_ecumenical_altar_lobes
D:4:      minmay_temple_entry_statues_fountains, first_ration, uniq_pikel,
          uniq_sigmund, uniq_eustachio

Skill      XL: |  1  2  3  4  5  6 |
---------------+-------------------+-----
Stealth        | 6 |  6.3
Invocations    | 1 2 |  2.3
Short Blades   | 1 2 |  2.1
Long Blades    | 1 2 |  2.1
Axes           | 1 2 |  2.1
Polearms       | 1 2 |  2.1
Staves         | 1 2 |  2.1
Slings         | 1 2 |  2.1
Bows           | 1 2 |  2.1
Crossbows      | 1 2 |  2.1
Throwing       | 1 2 |  2.1
Shields        | 1 2 |  2.1
Unarmed Combat | 1 2 |  2.1
Spellcasting   | 1 2 |  2.1
Armour         | 3 |  3.3
Dodging        | 3 |  3.3
Conjurations   | 1 |  1.7
Hexes          | 1 |  1.7
Charms         | 1 |  1.7
Summonings     | 1 |  1.7
Necromancy     | 1 |  1.7
Translocations | 1 |  1.7
Transmutations | 1 |  1.7
Fire Magic     | 1 |  1.7
Ice Magic      | 1 |  1.7
Air Magic      | 1 |  1.7
Earth Magic    | 1 |  1.7
Poison Magic   | 1 |  1.7
Evocations     | 3 |  3.3
Fighting       | 5 |  5.0
Maces & Flails | 5 |  5.0

Action                   |  1- 3 |  4- 6 || total
-------------------------+-------+-------++-------
Melee: Dagger            |   201 |   245 ||   446
       Bite              |    25 |    31 ||    56
       Punch             |       |     1 ||     1
       Kick              |       |    21 ||    21
Invok: Heroism           |       |     4 ||     4
  Use: Scroll            |     4 |     5 ||     9
       Potion            |       |     5 ||     5
 Stab: Sleeping          |     4 |     6 ||    10
  Eat: Chunk             |     1 |     6 ||     7
Armor: Scale mail        |    96 |   100 ||   196
       Leather armour    |       |     6 ||     6
Dodge: Dodged            |   119 |   135 ||   254

Table legend:
 A = Spawn XP
 B = Non-spawn XP
 C = Spawn XP percentage of total XP
 D = Spawn monster count
 E = Non-spawn monster count
 F = Spawn count percentage of total count
 G = Total turns spent on level
                    A         B        C        D         E        F      G
               +---------+---------+-------+---------+---------+-------+---------
         Total |       0 |     598 |   0.0 |       0 |      79 |   0.0 |  3035
               +---------+---------+-------+---------+---------+-------+---------
           D:1 |       0 |      42 |   0.0 |       0 |      24 |   0.0 |   718
           D:2 |       0 |      64 |   0.0 |       0 |      24 |   0.0 |  1297
           D:3 |       0 |     336 |   0.0 |       0 |      28 |   0.0 |   961
           D:4 |       0 |     156 |   0.0 |       0 |       3 |   0.0 |    59
               +---------+---------+-------+---------+---------+-------+---------
